 Dungeon Crawl Stone Soup version 0.28-a0-657-g71136c5590 (webtiles) character file.

Game seed: 4188651658243704420

3439 KristoblXynda the Carver (level 9, -31/80 HPs)
             Began as a Red Draconian Gladiator on Oct 13, 2021.
             Was an Initiate of Gozag.
             Annihilated by a boulder beetle (57 damage)
             ... on level 11 of the Dungeon.
             The game lasted 00:12:15 (7974 turns).

KristoblXynda the Carver (Red Draconian Gladiator)  Turns: 7974, Time: 00:12:15

Health: -31/80     AC:  9    Str: 18    XL:     9   Next: 77%
Magic:  9/9        EV: 14    Int: 10    God:    Gozag
Gold:   572        SH: 10    Dex: 13    Spells: 8/8 levels left

rFire   + . .      SeeInvis .   z - +5 dagger "Hibol" {vamp, rElec rPois rC+++ Stlth-}
rCold   + + +      Faith    .   n - +0 buckler
rNeg    . . .      Spirit   .   (armour unavailable)
rPois   +          Reflect  +   b - +1 hat
rElec   +          Harm     .   (no cloak)
rCorr   .          Rampage  .   g - +0 pair of gloves
Will    +....                   (no boots)
Stlth   ..........              q - amulet of reflection
HPRegen 0.23/turn               v - ring of willpower
MPRegen 0.11/turn               (no ring)

@: short of breath
A: breathe fire, AC +7, unfitting armour, fire resistance 1, cold-blooded
a: Breathe Fire, Renounce Religion, Potion Petition, Call Merchant, Bribe Branch


You were on level 11 of the Dungeon.
You worshipped Gozag.
Gozag was pleased with you.
You visited 2 branches of the dungeon, and saw 10 of its levels.

You collected 708 gold pieces.
You spent 70 gold pieces at shops.
You paid 66 gold pieces to Gozag.

Inventory:

Hand Weapons
 a - a +1 long sword
 z - the +5 dagger "Hibol" (weapon) {vamp, rElec rPois rC+++ Stlth-}
   (You found it on level 6 of the Dungeon)

   It occasionally heals its wielder for a portion of the damage dealt when it
   wounds a living foe.
   rC:        It renders you almost immune to cold.
   rElec:     It insulates you from electricity.
   rPois:     It protects you from poison.
   Stlth:     It makes you less stealthy.
Missiles
 c - a throwing net (quivered)
Armour
 b - a +1 hat (worn)
 g - a +0 pair of gloves (worn)
 n - a +0 buckler (worn)
Jewellery
 l - an amulet of regeneration
 q - an amulet of reflection (around neck)
 s - a ring of magical power
 v - a ring of willpower (left hand)
Wands
 o - a wand of mindburst (18)
Scrolls
 d - 2 scrolls of immolation
 i - 3 scrolls of teleportation
 k - a scroll of noise {unknown}
 p - 2 scrolls of blinking
 w - a scroll of summoning {unknown}
 x - 2 scrolls of amnesia
 y - a scroll of magic mapping {unknown}
 A - a scroll of enchant weapon
Potions
 e - a potion of resistance
 f - 7 potions of curing
 h - a potion of mutation
 j - a potion of heal wounds
 m - a potion of ambrosia
 r - a potion of cancellation
 t - a potion of might
 u - 2 potions of flight


   Skills:
 + Level 7.7 Fighting
 + Level 9.6 Long Blades
 - Level 2.0 Throwing
 + Level 6.8 Dodging
 + Level 0.0 Stealth
 - Level 4.3 Shields


You had 8 spell levels left.
You didn't know any spells.
Your spell library contained the following spells:

 Spells                   Type           Power      Damage    Failure   Level
 Corpse Rot               Necr/Air       N/A        N/A       50%         2
 Poisonous Vapours        Pois/Air       0%         N/A       50%         2


Dungeon Overview and Level Annotations

Branches:
Dungeon (8/15)             Temple (1/1) D:4
   Lair: D:8-11

Altars:
Cheibriados
Elyvilon
Gozag
Hepliaklqana
Kikubaaqudgha
Nemelex Xobeh
Ru
Sif Muna
Uskayaw
Xom
Yredelemnul
Zin

Shops:
D:2 [   D:7 *


Innate Abilities, Weirdness & Mutations

You can breathe blasts of fire.
Your fiery red scales are hard. (AC +7)
You cannot fit into any form of body armour.
Your flesh is heat resistant. (rF+)
You are cold-blooded and may be slowed by cold attacks.


Message History

The boulder beetle stops rolling and uncurls.
Press: ? - help, Shift-Dir - straight line, f/p - boulder beetle
Aim: a boulder beetle (heavily wounded)
You breathe a blast of fire.
The fiery breath hits the boulder beetle but does no damage.
The boulder beetle is heavily wounded.
The boulder beetle is engulfed in blazing flames.
The boulder beetle bites you!
You hit the boulder beetle but do no damage.
You tail-slap the boulder beetle, but do no damage.
The boulder beetle is severely wounded.
The boulder beetle is engulfed in blazing flames.
The boulder beetle bites you!
* * * LOW HITPOINT WARNING * * *
Unknown command.
The boulder beetle is engulfed in blazing flames.
You block the boulder beetle's attack.
Unknown command.
You block the boulder beetle's attack.
You feel much better.
The boulder beetle is engulfed in blazing flames.
The boulder beetle leaps!
Really walk into that cloud of flame? [Y]es or [N]o only, please.
Really walk into that cloud of flame?
Okay, then.
A boulder beetle is nearby!
The boulder beetle bites you!!
You hit the boulder beetle but do no damage.
You tail-slap the boulder beetle.
The boulder beetle is severely wounded.
The boulder beetle misses you.
You hit the boulder beetle but do no damage.
The boulder beetle is severely wounded.
The boulder beetle closely misses you.
The boulder beetle curls into a ball and begins rolling!
The boulder beetle hits you!!!
Ouch! That really hurt!
You die...
Your body crumbles into a pile of gold.

###+# #.#..
########## ######.#.#
.........###°°○B@.#.#
.........#...####.#.#
...........### #...#
.........### #.###.#
.........# #.....#
....[....# #.#####.#
...(.....# #.......#
......>..# ###'#####
#####.#### #..##


You could see a boulder beetle (rolling).

Vanquished Creatures
  Pikel (D:6)
  A centaur zombie (D:11)
  A shadow (D:11)
  A basilisk (D:8)
  A steam dragon (D:7)
  An acid dragon (D:11)
  2 water moccasins
  A sky beast (D:7)
  2 necrophages
  2 ice beasts
  4 ogres
  A phantom (D:5)
  A bullfrog (D:5)
  2 scorpions (D:5)
  A wyvern skeleton (D:6)
  4 wights (D:7)
  2 bullfrog zombies (D:5)
  2 hounds (D:4)
  A jelly (D:5)
  3 orc priests
  A centaur skeleton (D:4)
  3 iguanas
  4 orc wizards
  A scorpion zombie (D:5)
  A howler monkey zombie (D:7)
  Robin (D:2)
  6 adders
  2 white imps (D:7)
  An adder skeleton (D:4)
  2 worms
  2 dart slugs
  25 orcs
  8 ball pythons
  7 endoplasms
  A giant cockroach (D:2)
  18 goblins
  6 hobgoblins
  6 jackals
  2 quokkas (D:1)
  2 bats
  A frilled lizard (D:1)
  5 kobolds
  5 rats
144 creatures vanquished.

Vanquished Creatures (others)
  10 plants (D:2)
10 creatures vanquished.

Grand Total: 154 creatures vanquished

Notes
Turn   | Place    | Note
-------+----------+-------------------------------------------
     0 | D:1      | KristoblXynda the Draconian Gladiator began the quest for
                  | the Orb.
     0 | D:1      | Reached XP level 1. HP: 17/17 MP: 1/1
   232 | D:1      | Reached XP level 2. HP: 25/25 MP: 2/2
   694 | D:1      | Found a faded altar of an unknown god.
   855 | D:2      | Reached XP level 3. HP: 24/30 MP: 3/3
   863 | D:2      | Found Gumok's Armour Shop.
   882 | D:2      | Bought a +0 pair of gloves for 49 gold pieces
  1134 | D:2      | Noticed Robin
  1647 | D:2      | Reached XP level 4. HP: 36/38 MP: 4/4
  1676 | D:2      | Reached skill level 4 in Long Blades
  1678 | D:2      | Found a hazy altar of Hepliaklqana.
  1930 | D:2      | Killed Robin
  3308 | D:4      | Reached XP level 5. HP: 45/45 MP: 5/5
  3360 | D:4      | Found a staircase to the Ecumenical Temple.
  3780 | D:4      | Reached skill level 5 in Long Blades
  3786 | D:4      | Reached XP level 6. HP: 29/52 MP: 6/6
  4129 | D:4      | Found a glowing silver altar of Zin.
  4298 | Temple   | Entered the Ecumenical Temple
  4431 | Temple   | Became a worshipper of Gozag Ym Sagoz the Greedy
  4461 | D:5      | Entered Level 5 of the Dungeon
  4461 | D:5      | Noticed an ice beast
  4511 | D:5      | Killed an ice beast
  4512 | D:5      | Your scales start taking on a fiery red colour.
  4512 | D:5      | Reached XP level 7. HP: 43/60 MP: 7/7
  4512 | D:5      | Gained mutation: Your flesh is heat resistant. (rF+) [Red
                  | Draconian growth]
  4518 | D:5      | Reached skill level 6 in Long Blades
  4787 | D:5      | Reached skill level 5 in Fighting
  4906 | D:5      | Reached skill level 7 in Long Blades
  4918 | D:5      | Reached XP level 8. HP: 69/69 MP: 8/8
  4955 | D:5      | Reached skill level 5 in Dodging
  5036 | D:5      | Found a sparkling altar of Nemelex Xobeh.
  5602 | D:6      | Noticed Pikel
  5616 | D:6      | Killed Pikel
  5617 | D:6      | Reached skill level 8 in Long Blades
  5617 | D:6      | Reached skill level 1 in Shields
  5682 | D:6      | Identified the +5 dagger "Hibol" {vamp, rElec rPois rC+++
                  | Stlth-}
  6103 | D:7      | Reached XP level 9. HP: 55/78 MP: 9/9
  6552 | D:7      | Reached skill level 9 in Long Blades
  6924 | D:7      | Found a sacrificial altar of Ru.
  7318 | D:7      | Found Qootobb's CLEARANCE SALE!.
  7330 | D:7      | Bought a potion of curing for 21 gold pieces
  7691 | D:8      | You fall into a shaft and drop 3 floors!
  7936 | D:11     | Noticed a boulder beetle
  7974 | D:11     | Annihilated by a boulder beetle

Illustrated notes

Levels and vault maps discovered:
D:1:      shiori_arrival_oz, layout_basic, shapermc_ecumenical_altar_venn,
          st_stairs_6
D:2:      layout_basic, serial_shops, nicolae_shop_statue_plus, basic_altar,
          serial_bayou_crossing, uniq_robin
D:3:      layout_basic, hangedman_decor_lopped
D:4:      layout_loops_ring, zin_treasury, minmay_temple_entry_glass,
          lightli_ossuary_entry_decrepit_ruins
D:5:      layout_rooms, general_overflow_altar
D:6:      layout_loops_ring, uniq_pikel
D:7:      layout_loops_corners, marbit_many_paths, nicolae_shop_clearance
D:8:      layout_rooms, mainiacjoe_overflow_six_doors_small, minivault_21
D:11:     layout_roguey, serial_shops, nicolae_diamond_shop,
          nicolae_square_shop, nicolae_square_shop
Temple:   nicolae_temple_figure_zero

Skill      XL: |  1  2  3  4  5  6  7  8  9 |
---------------+----------------------------+-----
Throwing       | 2 |  2.0
Dodging        | 3 4 5 6 |  6.8
Fighting       | 3 4 5 6 7 |  7.7
Long Blades    | 4 5 7 8 9 |  9.6
Shields        | 2 4 |  4.3

Action                   |  1- 3 |  4- 6 |  7- 9 || total
-------------------------+-------+-------+-------++-------
Melee: Long sword        |   139 |   185 |   101 ||   425
       Tailslap          |    14 |    26 |    50 ||    90
       Dagger            |       |       |   227 ||   227
Throw: Throwing net      |       |     2 |       ||     2
 Abil: Breathe Fire      |       |       |    14 ||    14
Evoke: Wand              |       |       |     6 ||     6
  Use: Scroll            |     2 |     7 |    10 ||    19
       Potion            |       |     1 |     2 ||     3
 Stab: Held in net/web   |       |     4 |       ||     4
       Sleeping          |       |     1 |       ||     1
       Distracted        |       |       |     1 ||     1
Armor: Skin              |    71 |    70 |    93 ||   234
Dodge: Dodged            |    93 |   147 |   164 ||   404
Block: Buckler           |       |       |    69 ||    69
       Reflection        |       |       |     1 ||     1

Table legend: (Time is in decaauts)
 A = Elapsed time spent in this place.
 B = Non-inter-level travel time spent in this place.
 C = Inter-level travel time spent in this place.
 D = Time resting spent in this place.
 E = Time spent auto-exploring this place.
 F = Levels seen in this place.
 G = Mean time per level.
                   A        B        C        D        E       F      G
               +--------+--------+--------+--------+--------+-----+--------+
         Total |   7977 |   7750 |    227 |   1171 |   5169 |  10 |  797.7 |
       Dungeon |   7831 |   7615 |    216 |   1171 |   5057 |   9 |  870.1 |
        Temple |    145 |    134 |     11 |      0 |    112 |   1 |  145.0 |
               +--------+--------+--------+--------+--------+-----+--------+

Top non-repeatable levels by time:
     D:7: 1500 daAuts
     D:4: 1252 daAuts
     D:2: 1172 daAuts
     D:1: 1154 daAuts
     D:3: 824 daAuts
     D:5: 785 daAuts
     D:6: 627 daAuts
    D:11: 270 daAuts
     D:8: 245 daAuts
  Temple: 145 daAuts
